 Dungeon Crawl Stone Soup version 0.21-a0-331-gfb491b4 (webtiles) character file.

93333 Alinoe the Unseen (level 15, -5/79 HPs)
             Began as a Spriggan Enchanter on Oct 3, 2017.
             Was the Champion of Dithmenos.
             Slain by a two-headed ogre
             ... wielding a +0 giant spiked club
              (6 damage)
             ... on level 2 of the Orcish Mines.
             The game lasted 01:16:51 (37642 turns).

Alinoe the Unseen (Spriggan Enchanter)             Turns: 37642, Time: 01:16:52

Health: -5/79      AC: 12    Str:  8    XL:     15   Next: 60%
Magic:  16/33      EV: 34    Int: 18    God:    Dithmenos [******]
Gold:   1998       SH:  0    Dex: 18    Spells: 29/41 levels left

rFire    . . .     SeeInvis +   f - +5 dagger (venom)
rCold    . . .     Gourm    .   (shield restricted)
rNeg     . . .     Faith    .   C - +2 robe {MR+}
rPois    .         Spirit   .   (helmet restricted)
rElec    .         Reflect  .   c - +1 cloak
rCorr    .         Harm     .   (gloves unavailable)
MR       +++..                  (boots unavailable)
Stlth    ++++++++++             (no amulet)
HPRegen  0.23/turn              M - +3 ring of evasion
MPRegen  0.23/turn              k - +4 ring of protection

@: wreathed by umbra, very quick
A: unfitting armour, horns 1, thin metallic scales 1, see invisible, herbivore
3, speed 3, slow metabolism 2
a: Shadow Step, Shadow Form, Renounce Religion


You were on level 2 of the Orcish Mines.
You worshipped Dithmenos.
Dithmenos was exalted by your worship.
You were not hungry.

You visited 4 branches of the dungeon, and saw 23 of its levels.
You also visited: Bailey.

You collected 2163 gold pieces.
You spent 165 gold pieces at shops.

Inventory:

Hand Weapons
 a - a +0 dagger of electrocution
 f - a +5 dagger of venom (weapon)
 N - a +3 quick blade
 X - a +2 rapier of protection
Armour
 c - a +1 cloak (worn)
 C - a +2 robe of magic resistance (worn)
 D - a +2 robe of cold resistance
Jewellery
 h - an uncursed ring of ice
 k - a +4 ring of protection (right hand)
 w - an uncursed ring of fire
 M - a +3 ring of evasion (left hand)
 P - an uncursed ring of protection from cold
Wands
 s - a wand of iceblast (9/15)
 v - a wand of iceblast (8/15)
 B - a wand of confusion (28/48)
 G - a wand of iceblast (10/15)
 I - a wand of iceblast (9/15)
 J - a wand of paralysis (8/24)
 K - a wand of iceblast (11/15)
 Q - a wand of acid (2/15)
 T - a wand of acid (6/15)
 Z - a wand of confusion (25/48)
Scrolls
 e - 5 scrolls of fog
 j - 15 scrolls of remove curse
 m - 3 scrolls of teleportation
 p - 5 scrolls of recharging
 H - 2 scrolls of fear
Potions
 b - a potion of ambrosia
 i - 2 potions of resistance
 l - a potion of lignification
 q - a potion of agility
 u - a potion of heal wounds
 x - 3 potions of flight
 z - a potion of brilliance
 L - a potion of cancellation
 U - a potion of magic
 V - a potion of curing
Comestibles
 d - 3 bread rations
 t - 8 royal jellies
 W - 5 fruits


   Skills:
 + Level 9.0 Fighting
 + Level 11.7 Short Blades
 + Level 14.6 Dodging
 + Level 20.9 Stealth
 + Level 13.5 Spellcasting
 + Level 13.8 Hexes


You had 29 spell levels left.
You knew the following spells:

 Your Spells              Type           Power        Failure   Level  Hunger
a - Ensorcelled Hibernat  Hex/Ice        #####.       1%          2    None
b - Corona                Hex            ######.      1%          1    None
c - Confuse               Hex            ######..     1%          3    None
d - Tukima's Dance        Hex            ######..     1%          3    None
e - Dazzling Spray        Conj/Hex       #####.       1%          3    None


Dungeon Overview and Level Annotations

Branches:
Dungeon (14/15)            Temple (1/1) D:7            Lair (6/6) D:8
 Shoals (0/4) Lair:3       Spider (0/4) Lair:3        Slime (0/5) Lair:5
    Orc (2/2) D:9          Vaults (0/5) D:13
    Elf: Orc:2

Altars:
Ashenzari
Cheibriados
Dithmenos
Elyvilon
Fedhas
Gozag
Hepliaklqana
Kikubaaqudgha
Makhleb
Nemelex Xobeh
Okawaru
Qazlal
Ru
Sif Muna
Trog
Uskayaw
Vehumet
Wu Jian
Xom
Yredelemnul
Zin
The Shining One
Beogh
Jiyva

Shops:
D:4 *   D:6 [   D:7 (

Annotations:
Lair:5 1 runed door


Innate Abilities, Weirdness & Mutations

You are very small and have problems with some larger weapons.
You are too small for most types of armour.
You have supernaturally acute eyesight. (SInv)
You are a herbivore.
You cover ground extremely quickly.
You need consume almost no food.
You have a pair of small horns on your head.
You are partially covered in thin metallic scales. (AC +2)


Message History

Casting: Dazzling Spray
Confirm with . or Enter, or press ? or * to list all spells.
Okay, then.
You puncture the troll!
The troll is poisoned.
Your headbutt misses the troll.
The troll is moderately wounded.
Your shadow hits the troll but does no damage.
You catch the helpless troll completely off-guard!
You stick the troll like a pincushion!!!
You kill the troll!
Dithmenos accepts your kill.
The troll leather armour is intact enough to wear.
The two-headed ogre is no longer blind.
The orc wizard casts a spell at you. The puff of frost misses you.
The two-headed ogre is no longer blind.
The two-headed ogre hits you with a giant spiked club!!
* * * LOW HITPOINT WARNING * * *
You emit a cloud of dark smoke.
The two-headed ogre hits you with a giant spiked club.
You die...

.......To..........
......oo.)........#
........o..........
......Ooo..........
........oO...[......
.....................
......................
..........§............
...........O@§..........
...........§..$.........
........................
........................
........................
.........#....#............
..........................
......................... #
#......................


You could see 3 two-headed ogres, 2 orc warriors, an orc wizard (invisible) and
3 orcs.

Vanquished Creatures
  2 orc warlords
  Nessos (D:13)
  2 dire elephants
  The ghost of GordonOverkill the Severer, a journeyman MiAs of Uskayaw (Lair:2)
  A fire dragon (Lair:6)
  Snorg (D:11)
  An ettin (Orc:1)
  Erolcha (D:11)
  5 vault guards (D:13)
  Fannar (D:10)
  3 catoblepae (Lair:6)
  2 hydras
  10 death yaks
  2 two-headed ogres
  A tengu warrior (D:11)
  Sonja (D:12)
  Nergalle (D:10)
  A swamp dragon (Lair:6)
  A wizard (D:13)
  3 unseen horrors
  4 orc knights
  A deep elf archer (D:13)
  A lindwurm (Lair:6)
  4 cyclopes
  A wolf spider (Lair:6)
  2 ugly things
  3 oklob plants (Lair:5)
  An orc sorcerer (Orc:2)
  A deep elf mage (D:13)
  5 manticores
  23 elephants
  Psyche (D:8)
  2 black mambas
  2 gargoyles (D:14)
  A torpor snail (Lair:6)
  13 spiny frogs
  A kobold demonologist (D:11)
  4 rime drakes (Lair:6)
  5 komodo dragons
  A yaktaur (D:13)
  An efreet (D:11)
  A freezing wraith (D:12)
  4 jumping spiders (Lair:3)
  A tengu conjurer (D:13)
  9 trolls
  2 polar bears
  A queen bee (D:9)
  5 slime creatures (D:13)
  A hornet (D:10)
  4 blink frogs (Lair:3)
  24 dream sheep
  9 hippogriffs
  A vampire (D:14)
  Sigmund (D:8)
  3 redbacks (Lair:3)
  2 shadows
  A spriggan (Lair:4)
  60 yaks
  The ghost of Argmax the Slasher, an amateur DgFi (D:3)
  3 wyverns
  A wraith (D:14)
  2 basilisks
  6 humans
  A steam dragon (Lair:6)
  7 vampire mosquitoes
  2 hungry ghosts
  Menkaure (D:4)
  4 wargs (Orc:1)
  An acid dragon (Lair:6)
  13 water moccasins
  Duvessa (D:7)
  3 porcupines
  A swamp drake (Lair:6)
  A black bear (D:13)
  18 orc warriors
  7 sky beasts
  5 eyes of draining
  A necrophage (D:11)
  12 wolves
  12 centaurs
  14 ogres
  2 phantoms
  9 crocodiles
  A big kobold (D:9)
  15 bullfrogs
  A gnoll sergeant (D:12)
  A wyvern zombie (D:14)
  Dowan (D:7)
  3 wyvern skeletons
  A water moccasin skeleton (D:4)
  6 scorpions
  19 killer bees
  8 wights
  A howler monkey (D:5)
  4 crimson imps
  A bullfrog zombie (D:6)
  A quasit (D:11)
  5 centaur zombies
  3 jellies
  A bullfrog skeleton (D:8)
  9 hounds
  9 orc priests
  3 centaur skeletons
  24 orc wizards
  Jessica (D:2)
  8 iguanas
  8 worker ants
  Natasha (thrice) (D:4)
  A hound zombie (D:6)
  3 gnolls (D:12)
  A howler monkey skeleton (D:3)
  10 adders
  6 shadow imps
  2 worms
  5 dart slugs
  6 leopard geckos
  81 orcs
  8 giant cockroaches
  5 goblins
  8 hobgoblins
  13 jackals
  15 kobolds
  5 quokkas
  A ball python (D:3)
  4 bats
  8 frilled lizards
  A leopard gecko zombie (D:7)
  A quokka zombie (D:5)
  2 rats
  A plant (Lair:4)
699 creatures vanquished.

Vanquished Creatures (collateral kills)
  2 orc warriors
  An orc (D:5)
3 creatures vanquished.

Vanquished Creatures (others)
  An orc (Orc:1)
  2 bushes (Lair:6)
  87 fungi
  45 plants
135 creatures vanquished.

Grand Total: 837 creatures vanquished

Notes
Turn   | Place    | Note
-------+----------+-------------------------------------------
     0 | D:1      | Alinoe the Spriggan Enchanter began the quest for the Orb.
     0 | D:1      | Reached XP level 1. HP: 9/9 MP: 5/5
   398 | D:1      | Reached XP level 2. HP: 12/13 MP: 7/7
   763 | D:1      | Learned a level 2 spell: Ensorcelled Hibernation
   902 | D:1      | Reached XP level 3. HP: 16/16 MP: 9/9
   907 | D:1      | Learned a level 3 spell: Confuse
   911 | D:1      | Learned a level 3 spell: Tukima's Dance
  1169 | D:2      | Noticed Jessica
  1384 | D:2      | Killed Jessica
  1384 | D:2      | Reached skill level 5 in Hexes
  1384 | D:2      | Reached XP level 4. HP: 14/21 MP: 6/11
  1575 | D:2      | Found a faded altar of an unknown god.
  2375 | D:2      | Reached skill level 5 in Spellcasting
  2375 | D:2      | Reached XP level 5. HP: 24/24 MP: 9/13
  2535 | D:3      | Reached XP level 6. HP: 25/28 MP: 1/15
  2741 | D:3      | Reached skill level 5 in Stealth
  2854 | D:3      | Noticed Argmax's ghost (amateur DgFi)
  3544 | D:3      | Killed Argmax's ghost
  3544 | D:3      | Reached skill level 7 in Stealth
  4501 | D:3      | Learned a level 3 spell: Dazzling Spray
  4775 | D:4      | Reached skill level 8 in Stealth
  4775 | D:4      | Reached XP level 7. HP: 32/32 MP: 16/16
  4940 | D:4      | Found Jiqu's Assorted Antiques.
  4965 | D:4      | Reached skill level 9 in Stealth
  5054 | D:4      | Bought a scroll of identify for 56 gold pieces
  5054 | D:4      | Bought 3 scrolls labeled ZIALOF AGGI for 84 gold pieces
  5054 | D:4      | Bought a cyan potion for 25 gold pieces
  5081 | D:4      | Reached skill level 10 in Stealth
  5393 | D:4      | Noticed Menkaure
  5412 | D:4      | Killed Menkaure
  5412 | D:4      | Reached skill level 11 in Stealth
  5758 | D:4      | Noticed Natasha
  5767 | D:4      | Killed Natasha
  5769 | D:4      | Reached XP level 8. HP: 11/36 MP: 10/17
  6590 | D:4      | Noticed Natasha
  6604 | D:4      | Killed Natasha
  6863 | D:4      | Noticed Natasha
  6868 | D:4      | Killed Natasha
  6875 | D:5      | Entered Level 5 of the Dungeon
  6983 | D:5      | Reached skill level 12 in Stealth
  7130 | D:5      | Reached skill level 13 in Stealth
  7710 | D:5      | Found a shadowy altar of Dithmenos.
  7720 | D:5      | Became a worshipper of Dithmenos the Shadowed
  8359 | D:5      | Reached skill level 14 in Stealth
  8645 | D:6      | Reached * piety under Dithmenos
  8884 | D:6      | Found Zacom's Armour Shop.
  8959 | D:6      | You fall through a shaft!
  8973 | D:7      | Reached skill level 15 in Stealth
  8983 | D:7      | Noticed Duvessa
  8983 | D:7      | Noticed Dowan
  9072 | D:7      | Found Sipuunyr's Antique Weapon Shop.
  9087 | D:7      | Reached XP level 9. HP: 39/39 MP: 18/18
  9407 | D:7      | Found a white marble altar of Elyvilon.
  9423 | D:7      | Killed Duvessa
  9434 | D:7      | Killed Dowan
  9819 | D:7      | Found a staircase to the Ecumenical Temple.
  9829 | Temple   | Entered the Ecumenical Temple
 10196 | D:8      | Reached skill level 1 in Fighting
 10590 | D:8      | Noticed Sigmund
 10591 | D:8      | Noticed Psyche
 10599 | D:8      | Killed Psyche
 10642 | D:8      | Reached skill level 5 in Dodging
 10642 | D:8      | Reached skill level 16 in Stealth
 10654 | D:8      | Reached ** piety under Dithmenos
 10716 | D:8      | Reached XP level 10. HP: 47/47 MP: 21/21
 10792 | D:8      | Killed Sigmund
 10949 | D:8      | Found a runed door.
 10956 | D:8      | Found a runed door.
 11125 | D:8      | Found a runed door.
 11189 | D:8      | Found a runed door.
 11193 | D:8      | Found a runed door.
 11199 | D:8      | Found a runed door.
 11200 | D:8      | Found a runed door.
 11567 | D:8      | Found a staircase to the Lair.
 11629 | D:9      | Found a staircase to the Orcish Mines.
 11672 | D:9      | Reached skill level 5 in Short Blades
 12694 | D:9      | Reached *** piety under Dithmenos
 13206 | D:9      | Gained mutation: You occasionally shout uncontrollably at your foes. [potion of mutation]
 13206 | D:9      | Gained mutation: Your system is resistant to poisons. (rPois) [potion of mutation]
 13207 | D:9      | Lost mutation: You occasionally shout uncontrollably at your foes. [potion of mutation]
 13207 | D:9      | Lost mutation: Your system is resistant to poisons. (rPois) [potion of mutation]
 13207 | D:9      | Gained mutation: You are partially covered in thin metallic scales. (AC +2) [potion of mutation]
 13207 | D:9      | Gained mutation: You have a pair of small horns on your head. [potion of mutation]
 13266 | D:9      | Found a roughly hewn altar of Beogh.
 14331 | D:10     | Entered Level 10 of the Dungeon
 14486 | D:10     | Reached XP level 11. HP: 53/53 MP: 24/24
 14732 | D:10     | Noticed Nergalle
 14738 | D:10     | Killed Nergalle
 14907 | D:10     | Noticed Fannar
 14912 | D:10     | Killed Fannar
 14912 | D:10     | Reached skill level 17 in Stealth
 15329 | D:11     | Reached **** piety under Dithmenos
 15419 | D:11     | Noticed Erolcha
 15421 | D:11     | Killed Erolcha
 15621 | D:11     | Noticed a two-headed ogre
 15628 | D:11     | Killed a two-headed ogre
 15885 | D:11     | Noticed a tengu warrior
 15896 | D:11     | Reached skill level 5 in Fighting
 15906 | D:11     | Killed a tengu warrior
 16539 | D:11     | Noticed an unseen horror
 16545 | D:11     | Killed an unseen horror
 16545 | D:11     | Reached skill level 10 in Hexes
 16597 | D:11     | Reached XP level 12. HP: 60/60 MP: 26/26
 16878 | D:12     | Reached ***** piety under Dithmenos
 16884 | D:12     | Noticed Snorg
 17013 | D:11     | Killed Snorg
 17255 | D:12     | Reached skill level 10 in Dodging
 17411 | D:12     | Found a blossoming altar of Fedhas.
 17453 | D:12     | Reached skill level 10 in Spellcasting
 17530 | D:12     | Reached skill level 18 in Stealth
 17562 | D:12     | Noticed Sonja
 17603 | D:12     | Killed Sonja
 18340 | D:13     | Found a sparkling altar of Nemelex Xobeh.
 18491 | D:13     | Noticed a vault guard
 18764 | D:13     | Killed a vault guard
 18919 | D:13     | Noticed a vault guard
 19136 | D:13     | Killed a vault guard
 19152 | D:13     | Noticed a vault guard
 19170 | D:13     | Reached XP level 13. HP: 42/65 MP: 14/28
 19302 | D:13     | Found a gate to the Vaults.
 19547 | D:13     | Noticed Nessos
 19553 | D:13     | Killed Nessos
 20552 | D:14     | Reached skill level 19 in Stealth
 21245 | Lair:1   | Entered Level 1 of the Lair of Beasts
 22932 | Lair:2   | Noticed GordonOverkill's ghost (journeyman MiAs)
 22960 | Lair:2   | Killed GordonOverkill's ghost
 23948 | Lair:3   | Identified a scroll of acquirement
 24383 | Lair:3   | Reached ****** piety under Dithmenos
 24518 | Lair:3   | Reached XP level 14. HP: 72/72 MP: 25/30
 24564 | Lair:3   | Found a hole to the Spider Nest.
 24635 | Lair:3   | Found a staircase to the Shoals.
 24755 | Lair:3   | You fall through a shaft!
 24973 | Lair:4   | Reached skill level 10 in Short Blades
 28621 | Lair:5   | Found a viscous altar of Jiyva.
 28622 | Lair:5   | Found a runed door.
 28627 | Lair:5   | Found a staircase to the Slime Pits.
 28783 | Lair:5   | Reached skill level 20 in Stealth
 29872 | Lair:6   | Entered Level 6 of the Lair of Beasts
 31498 | Lair:6   | Reached XP level 15. HP: 78/78 MP: 23/33
 33274 | Lair:6   | Got a vibrating crystal amulet
 33278 | Lair:6   | Identified the amulet of Toero {Harm *Drain rC+ Str+6} (You found it on level 6 of the Lair of Beasts)
 33974 | Orc:1    | Entered Level 1 of the Orcish Mines
 34132 | Orc:1    | Found a flagged portal.
 34148 | Bailey   | Entered a bailey
 34936 | Bailey   | Found the cursed +14 obsidian axe {chop, +Fly SInv *Curse}
 34937 | Bailey   | Found the +8 orange crystal plate armour {Archmagi, Int+3 Clar}
 35447 | Orc:2    | Entered Level 2 of the Orcish Mines
 35453 | Orc:2    | Noticed an orc warlord
 36481 | Orc:2    | Killed an orc warlord
 37027 | Orc:2    | Noticed an orc warlord
 37303 | Orc:1    | Killed an orc warlord
 37583 | Orc:2    | Found a bloodstained altar of Trog.
 37642 | Orc:2    | HP: 1/79 [two-headed ogre/giant spiked club (29)]
 37642 | Orc:2    | Slain by a two-headed ogre

Vault maps used:
D:1:      mrwooster_arrival_arrow
D:2:      first_bread, chequers_ecumenical_altar_simple_redux, uniq_jessica
D:4:      serial_shops, shop, uniq_menkaure, uniq_natasha
D:5:      basic_altar
D:6:      serial_shops, shop, minmay_holes
D:7:      old_standard_altar, minmay_temple_entry_nine_rooms, serial_shops,
          shop, uniq_duvessa
D:8:      erik_cavepeople
D:9:      minmay_orc_entry_temple_small, david_nohive_1
D:10:     uniq_fannar, uniq_nergalle
D:11:     uniq_erolcha
D:12:     basic_altar, uniq_snorg, uniq_sonja
D:13:     grunt_vaults_entry_fortified, nemelex_altar_shiori, uniq_nessos
Temple:   kilobyte_greek_temple
Lair:3:   minmay_shoals_entry_centaurs, nicolae_spider_entry_tight_spaces
Lair:4:   mu_elephants_graveyard, st_stairs_3
Lair:5:   slime_altar_2, dpeg_oklob_1, grunt_megastairs_3
Lair:6:   guppyfry_lair_end_dragon, hangedman_lair_in_review,
          nicolae_lair_yak_garden
Orc:1:    enter_bailey_2
Orc:2:    st_orc_open, basic_altar, guppyfry_library_mini
Bailey:   bailey_polearm_1, bailey

Skill      XL: |  1  2  3  4  5  6  7  8  9 10 11 12 13 14 15 |
---------------+----------------------------------------------+-----
Spellcasting   | 3 4 5 7 8 9 10 11 13 | 13.5
Hexes          | 4 5 6 7 8 10 11 12 13 | 13.8
Stealth        | 8 11 15 16 17 18 19 20 | 20.9
Fighting       | 2 3 5 6 7 8 9 |  9.0
Short Blades   | 3 5 7 8 9 11 | 11.7
Dodging        | 5 7 9 11 12 13 14 | 14.6

Action                   |  1- 3 |  4- 6 |  7- 9 | 10-12 | 13-15 || total
-------------------------+-------+-------+-------+-------+-------++-------
Melee: Dagger            |    80 |   152 |   280 |   535 |  1191 ||  2238
       Headbutt          |       |       |       |    53 |   213 ||   266
 Cast: Corona            |     7 |       |       |       |       ||     7
       Ensorcelled Hiber |     3 |    10 |    27 |    48 |   138 ||   226
       Confuse           |       |    14 |    21 |    81 |    88 ||   204
       Dazzling Spray    |       |       |     6 |    19 |   129 ||   154
       Tukima's Dance    |       |       |     2 |     2 |       ||     4
Invok: Shadow Step       |       |       |       |     1 |     1 ||     2
  Use: Scroll            |     2 |     7 |     7 |     9 |     9 ||    34
       Potion            |       |     5 |     2 |     4 |     6 ||    17
 Stab: Sleeping          |     4 |    17 |    41 |    84 |   134 ||   280
       Confused          |       |     6 |    13 |    36 |    46 ||   101
       Invisible         |       |       |     4 |     7 |    36 ||    47
       Distracted        |       |       |     2 |     3 |     5 ||    10
       Petrified         |       |       |       |       |     4 ||     4
       Petrifying        |       |       |       |       |     2 ||     2
  Eat: Bread ration      |       |     1 |       |       |       ||     1
       Royal jelly       |       |       |     2 |     4 |     3 ||     9
       Fruit             |       |       |     4 |       |    12 ||    16
Armor: Robe              |    10 |    12 |    16 |    57 |    76 ||   171
Dodge: Dodged            |    76 |   109 |   171 |   470 |  1239 ||  2065

Table legend:
 A = Spawn XP
 B = Non-spawn XP
 C = Spawn XP percentage of total XP
 D = Spawn monster count
 E = Non-spawn monster count
 F = Spawn count percentage of total count
 G = Total turns spent on level
                    A         B        C        D         E        F      G
               +---------+---------+-------+---------+---------+-------+---------
         Total |       0 |  133333 |   0.0 |       0 |     701 |   0.0 | 37642
               +---------+---------+-------+---------+---------+-------+---------
           D:1 |       0 |      44 |   0.0 |       0 |      22 |   0.0 |  1063
           D:2 |       0 |     164 |   0.0 |       0 |      25 |   0.0 |  1928
           D:3 |       0 |     514 |   0.0 |       0 |      30 |   0.0 |  1737
           D:4 |       0 |     854 |   0.0 |       0 |      22 |   0.0 |  2147
           D:5 |       0 |     730 |   0.0 |       0 |      26 |   0.0 |  1556
           D:6 |       0 |     394 |   0.0 |       0 |      15 |   0.0 |   528
           D:7 |       0 |     684 |   0.0 |       0 |      14 |   0.0 |  1016
           D:8 |       0 |    4707 |   0.0 |       0 |      51 |   0.0 |  2354
           D:9 |       0 |    2708 |   0.0 |       0 |      39 |   0.0 |  1961
          D:10 |       0 |    3295 |   0.0 |       0 |      22 |   0.0 |   976
          D:11 |       0 |    8986 |   0.0 |       0 |      34 |   0.0 |  1696
          D:12 |       0 |    5916 |   0.0 |       0 |      42 |   0.0 |  1154
          D:13 |       0 |   14363 |   0.0 |       0 |      30 |   0.0 |  1679
          D:14 |       0 |    7258 |   0.0 |       0 |      25 |   0.0 |  1356
        Lair:1 |       0 |    5091 |   0.0 |       0 |      24 |   0.0 |  1320
        Lair:2 |       0 |    5220 |   0.0 |       0 |      19 |   0.0 |  1205
        Lair:3 |       0 |    5300 |   0.0 |       0 |      30 |   0.0 |  1207
        Lair:4 |       0 |   14227 |   0.0 |       0 |      37 |   0.0 |  3230
        Lair:5 |       0 |    9232 |   0.0 |       0 |      31 |   0.0 |  1771
        Lair:6 |       0 |   30772 |   0.0 |       0 |      79 |   0.0 |  3954
         Orc:1 |       0 |    6207 |   0.0 |       0 |      36 |   0.0 |  2278
         Orc:2 |       0 |    4377 |   0.0 |       0 |      28 |   0.0 |   578
        Bailey |       0 |    2290 |   0.0 |       0 |      20 |   0.0 |   812
               +---------+---------+-------+---------+---------+-------+---------
